 Dungeon Crawl Stone Soup version 0.21.1-1-g345015f (webtiles) character file.

198 Mirai the Magician (level 5, 0/28 HPs)
             Began as a Deep Elf Conjurer on Apr 19, 2018.
             Slain by a gnoll
             ... wielding a +0 club
              (4 damage)
             ... on level 3 of the Dungeon.
             The game lasted 00:10:30 (2397 turns).

Mirai the Magician (Deep Elf Conjurer)              Turns: 2397, Time: 00:10:31

Health: 0/28       AC:  3    Str:  5    XL:     5   Next: 47%
Magic:  0/16       EV: 13    Int: 21    God:
Gold:   130        SH:  0    Dex: 15    Spells: 6/17 levels left

rFire    . . .     SeeInvis .   n - +0 short sword (flame)
rCold    . . .     Gourm    .   (no shield)
rNeg     . . .     Faith    .   a - +0 robe
rPois    .         Spirit   .   (no helmet)
rElec    .         Reflect  .   (no cloak)
rCorr    .         Harm     .   k - +0 pair of gloves
MR       .....                  (no boots)
Stlth    ++........             (no amulet)
HPRegen  0.09/turn              (no ring)
MPRegen  0.15/turn              (no ring)

@: no status effects
A: no striking features
a: no special abilities


You were on level 3 of the Dungeon.
You were hungry.

You visited 1 branch of the dungeon, and saw 4 of its levels.

You collected 130 gold pieces.

Inventory:

Hand Weapons
 e - a +0 vampiric short sword
 n - a +0 short sword of flaming (weapon)
 q - a +0 dagger of venom
Armour
 a - a +0 robe (worn)
 k - a +0 pair of gloves (worn)
Scrolls
 c - a scroll of amnesia
 d - 2 scrolls of teleportation {unknown}
 l - 2 scrolls of identify {unknown}
 p - a scroll of enchant armour {unknown}
 s - a scroll of random uselessness {unknown}
 t - a scroll of remove curse {unknown}
Potions
 g - a potion of invisibility {unknown}
 i - a potion of curing {unknown}
 j - 2 potions of magic {unknown}
 m - a potion of haste {unknown}
 r - a potion of heal wounds {unknown}
Books
 b - a book of Conjurations

   Spells                             Type                      Level
   a - Magic Dart                     Conjuration                  1
   b - Searing Ray                    Conjuration                  2
   c - Dazzling Spray                 Conjuration/Hexes            3
   d - Fulminant Prism                Conjuration/Hexes            4
   e - Force Lance                    Conjuration/Translocation    4
   f - Iskenderun's Mystic Blast      Conjuration                  4
Comestibles
 f - 15 chunks of flesh
 h - 3 rations


   Skills:
 - Level 2.4 Dodging
 - Level 2.4 Stealth
 * Level 6.6 Spellcasting
 + Level 5.5 Conjurations


You had 6 spell levels left.
You knew the following spells:

 Your Spells              Type           Power        Failure   Level  Hunger
a - Magic Dart            Conj           ####         1%          1    None
b - Searing Ray           Conj           ####..       1%          2    None
c - Iskenderun's Mystic   Conj           ####....     9%          4    ###....
d - Fulminant Prism       Conj/Hex       ###.......   28%         4    ###....


Dungeon Overview and Level Annotations

Branches:
Dungeon (4/15)
 Temple: D:4-7

Altars:

Annotations:
D:4 Menkaure


Message History

Press: ? - help, Shift-Dir - straight line, f/p - gnoll
Aim: a gnoll, wielding a club The searing ray hits the gnoll.
The gnoll is heavily wounded. (Press . to maintain the ray.)
The gnoll barely misses you.
Without enough magic to sustain it, your searing ray dissipates.
The gnoll hits you with a club.
Casting: Searing Ray
Confirm with . or Enter, or press ? or * to list all spells.
You don't have enough magic to cast that spell.
Unknown command.
You closely miss the gnoll.
The gnoll is heavily wounded.
The gnoll hits you with a club!
* * * LOW HITPOINT WARNING * * *
You hit the gnoll but do no damage.
The gnoll is heavily wounded.
The gnoll hits you with a club.
You die...

##.÷.........##..#..#.##
######...######............
##..........###..###.........
##............#..##
#####..... #......[......†.##
#.... #..............## ....
#..............# ...
#............g.#
#.............@#
##............##
##..........## ############


You could see a gnoll.

Vanquished Creatures
  Natasha (twice) (D:2)
  3 gnolls (D:3)
  4 adders
  2 worms (D:2)
  A dart slug (D:1)
  4 leopard geckos
  6 orcs (D:3)
  A ball python (D:3)
  11 bats
  4 giant cockroaches
  9 goblins
  4 hobgoblins
  A quokka (D:2)
  3 frilled lizards
  9 kobolds
  6 rats
70 creatures vanquished.

Vanquished Creatures (others)
  A fulminant prism (D:3)
1 creature vanquished.

Grand Total: 71 creatures vanquished

Notes
Turn   | Place    | Note
-------+----------+-------------------------------------------
     0 | D:1      | Mirai the Deep Elf Conjurer began the quest for the Orb.
     0 | D:1      | Reached XP level 1. HP: 10/10 MP: 6/6
   138 | D:1      | Reached XP level 2. HP: 10/15 MP: 2/8
   210 | D:1      | Reached skill level 4 in Spellcasting
   892 | D:2      | Reached XP level 3. HP: 19/19 MP: 7/10
  1650 | D:2      | Noticed Natasha
  1665 | D:2      | Killed Natasha
  1665 | D:2      | Reached skill level 5 in Spellcasting
  1665 | D:2      | Reached skill level 5 in Conjurations
  1665 | D:2      | Reached XP level 4. HP: 8/24 MP: 9/13
  1670 | D:2      | Learned a level 2 spell: Searing Ray
  1675 | D:2      | Learned a level 4 spell: Iskenderun's Mystic Blast
  1680 | D:2      | Learned a level 4 spell: Fulminant Prism
  2080 | D:2      | Noticed Natasha
  2089 | D:2      | Killed Natasha
  2089 | D:2      | Reached skill level 6 in Spellcasting
  2197 | D:2      | Reached XP level 5. HP: 28/28 MP: 13/15
  2376 | D:4      | Noticed Menkaure
  2397 | D:3      | Slain by a gnoll

Skill      XL: |  1  2  3  4 |
---------------+-------------+-----
Spellcasting   | 4 5 6 |  6.6
Conjurations   | 5 |  5.5
Dodging        | |  2.4
Stealth        | |  2.4

Action                   |  1- 3 |  4- 6 || total
-------------------------+-------+-------++-------
Melee: Unarmed           |     7 |       ||     7
       Short sword       |    34 |     6 ||    40
 Cast: Magic Dart        |    78 |    43 ||   121
       Searing Ray       |       |     7 ||     7
       Fulminant Prism   |       |     1 ||     1
  Use: Potion            |     1 |       ||     1
       Scroll            |       |     2 ||     2
  Eat: Ration            |     1 |       ||     1
       Chunk             |     3 |     2 ||     5
Armor: Robe              |    27 |     9 ||    36
       Skin              |     1 |       ||     1
Dodge: Dodged            |    67 |    28 ||    95
